 Dungeon Crawl Stone Soup version 0.29-a0-598-gd8304a5bf4 (webtiles) character file.

Game seed: 16953520859518014242

382 bande the Covered (level 6, -8/38 HPs)
             Began as a Gargoyle Fighter on June 15, 2022.
             Mangled by Crazy Yiuf
             ... wielding a +2 quarterstaff of chaos
              (11 damage)
             ... on level 3 of the Dungeon.
             The game lasted 00:05:27 (4129 turns).

bande the Covered (Gargoyle Fighter)                Turns: 4129, Time: 00:05:27

Health: -8/38      AC: 13    Str: 19    XL:     6   Next: 76%
Magic:  6/6        EV:  9    Int:  9    God:
Gold:   132        SH:  4    Dex: 11    Spells: 5/5 levels left

rFire   . . .      SeeInvis .   a - +0 war axe
rCold   . . .      Faith    .   c - +0 buckler
rNeg    + . .      Spirit   .   b - +0 scale mail
rPois   ∞          Reflect  .   (no helmet)
rElec   +          Harm     .   (no cloak)
rCorr   .          Rampage  .   (no gloves)
Will    .....                   g - +0 pair of boots
Stlth   ..........              (no amulet)
HPRegen 0.12/turn               (no ring)
MPRegen 0.10/turn               (no ring)

@: mighty, invisible
A: sickness immunity, AC +4, negative energy resistance 1, electricity
resistance, torment resistance 1, petrification resistance
a: no special abilities


You were on level 3 of the Dungeon.
You visited 1 branch of the dungeon, and saw 3 of its levels.

You collected 132 gold pieces.

Inventory:

Hand Weapons
 a - a +0 war axe (weapon)
 k - a +2 short sword of flaming
 n - a +5 hunting sling
 o - a +0 war axe
 p - a +0 flail
Armour
 b - a +0 scale mail (worn)
 c - a +0 buckler (worn)
 g - a +0 pair of boots (worn)
Jewellery
 i - an amulet of magic regeneration
Wands
 q - a wand of polymorph (3)
Scrolls
 l - 2 scrolls of teleportation
 m - a scroll of poison
Potions
 e - 2 potions of curing
 f - a potion of mutation {unknown}
 h - a potion of haste {unknown}
 j - 2 potions of flight {unknown}
 r - a potion of degeneration {unknown}


   Skills:
 + Level 4.3 Fighting
 + Level 4.4 Axes
 + Level 5.2 Armour
 + Level 4.0 Shields


You had 5 spell levels left.
You didn't know any spells.
Your spell library contained the following spells:

 Spells                   Type           Power      Damage    Failure   Level
 Ensorcelled Hibernation  Hex/Ice        0%         N/A       92%         2
 Passwall                 Tmut/Erth      0%         N/A       92%         2
 Swiftness                Air            0%         N/A       99%         3


Dungeon Overview and Level Annotations

Branches:
Dungeon (3/15)

Altars:
Elyvilon
Hepliaklqana

Shops:
D:2 =

Annotations:
D:3 Crazy Yiuf


Innate Abilities, Weirdness & Mutations

You are immune to sickness and miasma.
Your stone body is resilient. (AC +4)
You are immune to poison.
You resist negative energy. (rN+)
You are resistant to electric shocks. (rElec)
You are resistant to unholy torment.
You are immune to petrification.


Message History

Crazy Yiuf cries, "Goober sow action!"
Crazy Yiuf hits you with a +2 quarterstaff of chaos!
Crazy Yiuf freezes you.
You hit Crazy Yiuf but do no damage.
Crazy Yiuf is heavily wounded.
Crazy Yiuf screams, "Cod poople cower!"
Crazy Yiuf hits you with a +2 quarterstaff of chaos.
* * * LOW HITPOINT WARNING * * *
Crazy Yiuf freezes you.
* * * LOW HITPOINT WARNING * * *
You feel better.
Crazy Yiuf hits you with a +2 quarterstaff of chaos.
You feel very mighty all of a sudden. Crazy Yiuf barely misses you.
You closely miss Crazy Yiuf.
Crazy Yiuf is heavily wounded.
Crazy Yiuf hits you with a +2 quarterstaff of chaos.
* * * LOW HITPOINT WARNING * * *
Crazy Yiuf burns you.
* * * LOW HITPOINT WARNING * * *
You closely miss Crazy Yiuf.
Crazy Yiuf is heavily wounded.
Crazy Yiuf hits you but does no damage.
You fade into invisibility!
Crazy Yiuf hits you with a +2 quarterstaff of chaos.
* * * LOW HITPOINT WARNING * * *
Crazy Yiuf burns you.
* * * LOW HITPOINT WARNING * * *
You hit Crazy Yiuf.
Crazy Yiuf is heavily wounded.
Crazy Yiuf hits you with a +2 quarterstaff of chaos.
* * * LOW HITPOINT WARNING * * *
You barely miss Crazy Yiuf.
Crazy Yiuf is heavily wounded.
Crazy Yiuf laughs, "Rifle!
Dawk Hive Orb Guardian."
Crazy Yiuf closely misses you.
You barely miss Crazy Yiuf.
Crazy Yiuf is heavily wounded.
Crazy Yiuf hits you with a +2 quarterstaff of chaos!
You die...

#.##.....##....
####.#....#.###
#.#..#...###
#####
#...###.....
#)..#
#.#..#...###
#...#
#.##...#..[.
...
#.##.#######
#g#
#.##.#######
#@##
#.##.##.....
##.#
#....##.....
#.##
#.#####.....
##.# #.# #.....
##.## #.#
#..... ##P..#
#########.##
#P.P.#
##...###.#
#....#
#.###.##.##
#####
##..#####.#
#.....#


You could see Crazy Yiuf (can't see you).

Vanquished Creatures
  A scorpion (D:2)
  2 orc priests (D:3)
  Ijyb (D:3)
  Natasha (thrice) (D:3)
  An orc wizard (D:3)
  3 adders
  4 gnolls (D:2)
  A worm (D:2)
  A dart slug (D:2)
  5 orcs (D:3)
  5 ball pythons
  4 endoplasms
  3 giant cockroaches
  11 goblins
  6 hobgoblins
  3 jackals (D:3)
  2 quokkas
  8 bats
  2 frilled lizards
  2 kobolds (D:3)
  3 rats
71 creatures vanquished.

Vanquished Creatures (others)
  2 fungi (D:3)
2 creatures vanquished.

Grand Total: 73 creatures vanquished

Notes
Turn   | Place    | Note
-------+----------+-------------------------------------------
     0 | D:1      | bande the Gargoyle Fighter began the quest for the Orb.
     0 | D:1      | Reached XP level 1. HP: 14/14 MP: 1/1
    29 | D:1      | Reached XP level 2. HP: 14/19 MP: 2/2
   260 | D:1      | Found a faded altar of an unknown god.
   737 | D:1      | Reached XP level 3. HP: 23/23 MP: 3/3
  1266 | D:2      | Noticed a scorpion
  1275 | D:2      | Killed a scorpion
  1276 | D:2      | Reached skill level 4 in Armour
  1276 | D:2      | Reached XP level 4. HP: 23/29 MP: 4/4
  1791 | D:2      | Reached XP level 5. HP: 32/33 MP: 5/5
  1839 | D:2      | Found Ywey's Jewellery Shop.
  2611 | D:3      | Noticed Natasha
  2616 | D:3      | Killed Natasha
  2689 | D:3      | Reached XP level 6. HP: 20/38 MP: 6/6
  2702 | D:3      | Reached skill level 5 in Armour
  2994 | D:3      | Found a white marble altar of Elyvilon.
  3054 | D:3      | Found a hazy altar of Hepliaklqana.
  3101 | D:3      | Noticed Natasha
  3108 | D:3      | Killed Natasha
  3440 | D:3      | Found a runed translucent door.
  3441 | D:3      | Noticed Crazy Yiuf
  3526 | D:3      | Noticed Ijyb
  3562 | D:3      | Killed Ijyb
  4001 | D:3      | Noticed Natasha
  4011 | D:3      | Killed Natasha
  4129 | D:3      | Mangled by Crazy Yiuf

Illustrated notes

Levels and vault maps discovered:
D:1:      lightli_arrival_maybe_door_vault, layout_loops_ring,
          chequers_ecumenical_altar_island
D:2:      layout_basic, serial_shops, nicolae_shop_crystal,
          minmay_misc_feat_roman, due_unseen_surprise
D:3:      layout_loops_cross, nicolae_overflow_hidden_temple, elyvilon_altar_3,
          uniq_ijyb, uniq_crazy_yiuf_cottage, uniq_natasha

Skill      XL: |  1  2  3  4  5  6 |
---------------+-------------------+-----
Axes           | 2 3 4 |  4.4
Armour         | 4 5 |  5.2
Fighting       | 4 |  4.3
Shields        | 4 |  4.0

Action                   |  1- 3 |  4- 6 || total
-------------------------+-------+-------++-------
Melee: War axe           |    71 |   172 ||   243
  Use: Scroll            |     4 |     4 ||     8
       Potion            |       |     2 ||     2
Armor: Scale mail        |    62 |    91 ||   153
       Skin              |       |     4 ||     4
Dodge: Dodged            |    45 |    77 ||   122
Block: Buckler           |    16 |    34 ||    50

Table legend: (Time is in decaauts)
 A = Elapsed time spent in this place.
 B = Non-inter-level travel time spent in this place.
 C = Inter-level travel time spent in this place.
 D = Time resting spent in this place.
 E = Time spent auto-exploring this place.
 F = Levels seen in this place.
 G = Mean time per level.
                   A        B        C        D        E       F      G
               +--------+--------+--------+--------+--------+-----+--------+
         Total |   4226 |   4142 |     84 |    853 |   2645 |   3 | 1408.7 |
       Dungeon |   4226 |   4142 |     84 |    853 |   2645 |   3 | 1408.7 |
               +--------+--------+--------+--------+--------+-----+--------+

Top non-repeatable levels by time:
     D:3: 1978 daAuts
     D:1: 1218 daAuts
     D:2: 1029 daAuts
